 Dungeon Crawl Stone Soup version 0.17-a0-1646-geb1493d (console) character file.

298 Monkaria the Destroyer (level 6, 0/32 HPs)
             Began as a Deep Elf Conjurer on Aug 11, 2015.
             Succumbed to a killer bee's poison
             ... on level 4 of the Dungeon.
             The game lasted 00:07:52 (3011 turns).

Monkaria the Destroyer (Deep Elf Conjurer)          Turns: 3011, Time: 00:07:52

Health: 0/32       AC:  3    Str:  5    XL:     6   Next: 13%
Magic:  21/21      EV: 13    Int: 27    God:
Gold:   70         SH:  0    Dex: 15    Spells: 3 memorised, 4 levels left

rFire  + . .     SeeInvis .     w - staff of conjuration
rCold  . . .     Clarity  .     o - +1 robe {MR+}
rNeg   + . .     SustAt   .     (no shield)
rPois  .         Gourm    .     (no helmet)
rElec  .         Spirit   .     (no cloak)
rCorr  .         Warding  +     (no gloves)
rMut   .         Stasis   .     (no boots)
MR     +....                    s - amulet of warding
Stlth  ++........               r - ring of protection from fire
                                n - ring of magical power

@: brilliant, lethally poisoned (0 -> -27), somewhat resistant to hostile
enchantments, unstealthy
A: no striking features
a: no special abilities


You were on level 4 of the Dungeon.
You were hungry.

You visited 1 branch of the dungeon, and saw 4 of its levels.

You collected 70 gold pieces.

Inventory:

Missiles
 u - a throwing net (quivered)
Armour
 o - a +1 robe of magic resistance (worn)
Magical staves
 w - an uncursed staff of conjuration (weapon)
Jewellery
 k - an uncursed ring of ice
 n - a ring of magical power (left hand)
 r - a ring of protection from fire (right hand)
 s - an amulet of warding (around neck)
Magical devices
 l - a wand of digging (12)
Scrolls
 a - a scroll of fear {unknown}
 d - 3 scrolls of remove curse {unknown}
 h - 3 scrolls of enchant weapon {unknown}
 i - 3 scrolls of identify {unknown}
 q - a scroll of fog {unknown}
Potions
 g - a potion of curing {unknown}
 j - a potion of ambrosia {unknown}
 m - a potion of might {unknown}
Books
 b - a book of Conjurations

   Spells                             Type                      Level
   a - Magic Dart                     Conjuration                  1
   b - Searing Ray                    Conjuration                  2
   c - Dazzling Spray                 Conjuration/Hexes            3
   d - Fulminant Prism                Conjuration/Hexes            4
   e - Iskenderun's Mystic Blast      Conjuration                  4
   f - Iskenderun's Battlesphere      Conjuration/Charms           5
Comestibles
 c - 5 bread rations
 f - 2 meat rations
 v - 4 chunks of flesh


   Skills:
 - Level 2.4 Dodging
 - Level 2.4 Stealth
 - Level 3.0 Spellcasting
 + Level 8.2 Conjurations


You had 4 spell levels left.
You knew the following spells:

 Your Spells              Type           Power        Failure   Level  Hunger
a - Magic Dart            Conj           ####         1%          1    None
b - Searing Ray           Conj           ######       1%          2    #......
c - Iskenderun's Mystic   Conj           #######.     1%          4    ####...


Dungeon Overview and Level Annotations

Branches:
Dungeon (4/15)             Temple (0/1) D:4

Altars:


Message History

Aiming: Searing Ray
Press: ? - help, Shift-Dir - straight line, f/p - killer bee
Aim: a killer bee You feel a surge of power!
The searing ray hits the killer bee.
The killer bee is heavily wounded.
You feel sick. The killer bee stings you. The killer bee misses you.
The searing ray misses the killer bee.
You feel sick. The killer bee stings you!
* * * LOW HITPOINT WARNING * * *
You are more poisoned.
The killer bee poisons you! The killer bee barely misses you.
Drink which item? (? for menu, Esc to quit)
It was a potion of brilliance.
You feel clever all of a sudden.
* * * LOW HITPOINT WARNING * * *
You feel sick. The killer bee barely misses you.
The killer bee barely misses you.
Drink which item? (? for menu, Esc to quit)
It was a potion of magic.
Magic courses through your body.
You die...

.≈.......≈......#
..≈.......≈(.###.#
..≈...>...≈..# #.#
..≈.......≈..###.##
..≈.......≈..(....#
♣≈♣.....♣≈♣..###.#
♣≈≈≈≈≈≈≈≈≈♣.## #.#
.♣♣♣.....♣♣♣.# #.#
........†y@..# #.#
##.########.## #.#
#. #.# #.# #.# #.#
#.# #.# ##.# #.#
#..# #.# #.## #.#
#.# #.#


You could see a killer bee.

Vanquished Creatures
  2 killer bees (D:4)
  Jessica (D:3)
  Terence (D:2)
  4 adders
  4 gnolls
  4 worms
  A giant gecko (D:1)
  3 orcs
  5 giant cockroaches
  5 hobgoblins
  7 jackals
  3 kobolds
  2 quokkas (D:2)
  2 ball pythons
  9 bats
  6 giant newts
  11 goblins
  5 rats
75 creatures vanquished.

Notes
Turn   | Place    | Note
--------------------------------------------------------------
     0 | D:1      | Monkaria the Deep Elf Conjurer began the quest for the Orb.
     0 | D:1      | Reached XP level 1. HP: 10/10 MP: 6/6
   212 | D:1      | Reached XP level 2. HP: 15/15 MP: 4/8
   247 | D:1      | Reached skill level 5 in Conjurations
   350 | D:1      | Learned a level 2 spell: Searing Ray
   477 | D:1      | Reached XP level 3. HP: 19/19 MP: 6/9
   993 | D:2      | Noticed Terence
  1015 | D:2      | Killed Terence
  1015 | D:2      | Reached skill level 6 in Conjurations
  1015 | D:2      | Reached XP level 4. HP: 18/24 MP: 1/10
  1920 | D:3      | Noticed Jessica
  1925 | D:3      | Killed Jessica
  1925 | D:3      | Reached XP level 5. HP: 28/28 MP: 7/11
  1935 | D:3      | Reached skill level 7 in Conjurations
  2923 | D:4      | Found a staircase to the Ecumenical Temple.
  2992 | D:4      | Learned a level 4 spell: Iskenderun's Mystic Blast
  3004 | D:4      | Reached skill level 8 in Conjurations
  3004 | D:4      | Reached XP level 6. HP: 30/32 MP: 12/12
  3006 | D:4      | HP: 1/32 [killer bee (9)]
  3011 | D:4      | Succumbed to a killer bee's poison

Vault maps used:
D:1:      minmay_arrival_three_doors
D:2:      roderic_lattice_a, uniq_terence
D:3:      lemuel_upstairs_altar, first_bread, uniq_jessica
D:4:      minmay_temple_entry_water_ring, minmay_misc_feat_cross,
          kennysheep_opposing_triangles, uniq_robin

Action                   |  1- 3 |  4- 6 || total
-------------------------+-------+-------++-------
 Cast: Magic Dart        |    56 |    60 ||   116
       Searing Ray       |     3 |    14 ||    17
  Use: Potion            |       |     4 ||     4
  Eat: Chunk             |       |     6 ||     6
